Workbook

Sheet Section A
A1: BID NUMBER: ACDP 26/08
A2: THE APPOINTMENT OF A SERVICE PROVIDER FOR THE CONSTRUCTION OF 5,5HA SHADENET STRUCTURE AT GROUND STONE FARM IN CAPRICORN SOUTH OF THE CAPRICORN DISTRICT OF THE LIMPOPO PROVINCE
A3: SECTION A : GENERAL
G4: SECTION A
A5: ITEM | B5: PAY | E5: BILL
A6: No. | B6: REF. | C6: DESCRIPTION | D6: UNIT | E6: QUANT. | F6: RATE | G6: AMOUNT
B8: SABS | C8: SECTION 1: GENERAL REQUIREMENTS
A9: A | B9: 1200A | C9: AND PROVISIONS
A11: A1 | B11: 8.3 | C11: FIXED CHARGE AND VALUE-
C12: RELATED ITEMS
A13: A1.1 | B13: PSA 8.3.1.1 | C13: Fixed Preliminary and General charges | D13: Sum | E13: 1
A15: A1.2 | B15: PSA 8.3.1.2 | C15: Value related Preliminary & General charges | D15: Sum | E15: 1
A17: A2 | B17: 8.3.2 | C17: Establishment of facilities on site
B19: 8.3.2.2 | C19: Facilities for Contractor
A21: A2.1 | C21: Offices and storage sheds | D21: Sum | E21: 1
A23: A2.2 | C23: Ablution and latrine facilities | D23: Sum | E23: 1
A25: A2.3 | C25: Tools and equipment | D25: Sum | E25: 1
A27: A2.4 | C27: Water supply, electricity and communication | D27: Sum | E27: 1
A29: A2.5 | C29: Dealing with water | D29: Sum | E29: 1
A31: A2.6 | C31: Access | D31: Sum | E31: 1
A33: A2.7 | C33: Plant | D33: Sum | E33: 1
A35: A2.8 | B35: 8.3.3 | C35: Other fixed charge obligations | D35: Sum | E35: 1
A37: A2.9 | B37: 8.3.4 | C37: Removal of site establishment | D37: Sum | E37: 1
A39: A3 | B39: 8.4 | C39: TIME RELATED ITEMS
A41: A3.1 | B41: PSA 8.4.1 | C41: a) Time related Preliminary & General charges | D41: Sum | E41: 1
B43: PSAA 8.4.3 | C43: b) Complying with Health and Safety Regulations | D43: Sum | E43: 1
B45: PSAA 8.4.4 | C45: c) Insurance | D45: Sum | E45: 1
B47: 8.4.2 | C47: Operation and Maintenance of Facilities
C48: on Site, for Duration of Construction,
C49: except where otherwise stated
B52: 8.4.2.2 | C52: Facilities for Contractor
A54: A3.2 | C54: a) Offices and storage sheds | D54: Sum | E54: 1
A56: A3.3 | C56: a) Ablution and latrine facilities | D56: Sum | E56: 1
A58: A | C58: TOTAL CARRIED FORWARD
A60: BID NUMBER: ACDP 26/08
A61: =A2 -> THE APPOINTMENT OF A SERVICE PROVIDER FOR THE CONSTRUCTION OF 5,5HA SHADENET STRUCTURE AT GROUND STONE FARM IN CAPRICORN SOUTH OF THE CAPRICORN DISTRICT OF THE LIMPOPO PROVINCE
A62: SECTION A : GENERAL
G63: SECTION A2
A64: ITEM | B64: PAY | E64: BILL
A65: No. | B65: REF. | C65: DESCRIPTION | D65: UNIT | E65: QUANT. | F65: RATE | G65: AMOUNT
C66: TOTAL BROUGHT FORWARD
A67: A3.4 | C67: f) Tools and equipment | D67: Sum | E67: =1*1 -> 1
A69: A3.5 | C69: g) Water supply, electricity and | D69: Sum | E69: 1
C70: communication
A72: A3.6 | C72: h) Dealing with water | D72: Sum | E72: 1
A74: A3.7 | C74: i) Access | D74: Sum | E74: 1
A76: A3.8 | C76: j) Plant | D76: Sum | E76: 1
A78: A3.9 | B78: 8.4.5 | C78: Other time-related obligations | D78: Sum | E78: 1
A80: A4 | B80: 8.5 | C80: SUMS STATED PROVISIONALLY
C81: BY ENGINEER
A83: A4.1 | B83: PSA 8.5.2 | C83: a) Tests as requested by Engineer | D83: PC Sum | E83: 1 | F83: 20000 | G83: =E83*F83 -> 20000
A85: A4.2 | B85: PSA 8.5.2 | C85: b) Profit and financial charges on 4.1 | D85: %
A88: A5 | C88: Community Liason Officer | D88: Month | E88: 5 | F88: 5000 | G88: =F88*E88 -> 25000
A90: A5.1 | C90: Mark up n Item | D90: %
A92: A6 | C92: Occupational Health and Safety
C93: Without limiting the generality of the provisions, of clause 4.3.1 of the GCC second edition 2010,the contractor's attention is drawn to the provisions of the following regulations: Construction Regulations, 2014 issued in terms of the Occupational Health and Safety Act (Act No 85 of 1993) as amended.
A95: A6.1 | C95: The employer reserves the right to take any action should any of the breaches on above regulations and / or the Employer's Requirements come to their notice, including the provision of and insistence on the use of hard hats, overalls, ear protection plugs, eye protection goggles, reflective safety vests, gloves, safety boots, belted safety harnesses, etc by any person on the site, the cost for purchase of which will be borne by the purchase of which will be borne by the contractor. | D95: Sum | E95: 1
A98: A | C98: TOTAL CARRIED TO SUMMARY

Sheet Section B-Shadenet
A1: ='Section A'!A1 -> BID NUMBER: ACDP 26/08
A2: ='Section A'!A2 -> THE APPOINTMENT OF A SERVICE PROVIDER FOR THE CONSTRUCTION OF 5,5HA SHADENET STRUCTURE AT GROUND STONE FARM IN CAPRICORN SOUTH OF THE CAPRICORN DISTRICT OF THE LIMPOPO PROVINCE
A3: SECTION B : SHADENET
G4: SECTION B
A5: ITEM | B5: PAY | D5: UNIT | E5: BILL
A6: No. | B6: REF. | C6: DESCRIPTION | E6: QUANT. | F6: RATE | G6: AMOUNT
A8: B | C8: Carry out the following operations where applicable: Manufacture, supply, deliver and install/construct for the following items:
C10: Works includes Supply, delivery, fabricate, installation/construction and commissioning of shadenet
A12: B1 | C12: PRUNING OF THE ORCHARD
A14: B1.1 | C14: Tree pruning and culling trees on the existing orchard to make way for working equipment | D14: PC Sum | E14: 1 | F14: 100000
A16: B1.2 | C16: Profit and financial charges on 1.1 above | D16: %
A19: B2 | C19: EXCAVATIONS
A20: B2.1 | B20: 8.2.8 | C20: a) Soft to intermediate excavation and backfilling using in-situ material for inner posts (400mm ᴓ x 1000mm depth) | D20: m3 | E20: 280
C22: b) Excavate for soft and intermediate soil for net anchoring (400mm ᴓ x 1000mm depth) | D22: m3 | E22: 143
C23: c) Excavate for soft and intermediate soil for outer posts (400mm ᴓ x 1000mm depth) | D23: m3 | E23: 143
C25: CONCRETE WORKS
A26: B2.2 | C26: 25 MPa concrte for inner posts, outer posts, anchor posts and stays | D26: m3 | E26: 167
A28: B2.3 | C28: POLES
C29: CCA treated round poles or similar approved (SABS approved) with end caps
A31: B2.3.1 | C31: 4,8m long x 125/150mm as anchor posts | D31: No | E31: 1235
A33: B2.3.2 | C33: 4,8m long x 100/125mm as inner posts | D33: No | E33: 552
A35: B2.3.3 | C35: 2m long x 32-50mm droppers with sharpened end for trellising | D35: No | E35: 2756
A37: B2.3.4 | C37: 2m long x 50-75mm trellising support | D37: No | E37: 1103
A39: B | C39: TOTAL CARRIED TO SUMMARY
A41: =A1 -> BID NUMBER: ACDP 26/08
A42: =A2 -> THE APPOINTMENT OF A SERVICE PROVIDER FOR THE CONSTRUCTION OF 5,5HA SHADENET STRUCTURE AT GROUND STONE FARM IN CAPRICORN SOUTH OF THE CAPRICORN DISTRICT OF THE LIMPOPO PROVINCE
A43: SECTION B :PEFABRICATED UNITS AND OFFICE EQUIPMENT
G44: SECTION B2
A45: ITEM | E45: BILL
A46: No. | C46: DESCRIPTION | D46: UNIT | E46: QUANT. | F46: RATE | G46: AMOUNT
C47: TOTAL BROUGHT FORWARD
A49: B3 | C49: NETTING
C50: Supply, deliver ,Install and commission
A52: B3.1 | C52: White Type net 3,2 m wide with 40% shading to cover 1 ha including side and gates shade net covering. On each poles bay: two roof shade nets must be factory stitched together in parallel. Each standard roll: 3.2m wide x 50m long | D52: No | E52: 497
A57: B3,2 | C57: ACCESSORIES
A59: B3.2.1 | C59: HR23 HOG rings | D59: Sum | E59: 1
A61: B3.2.2 | C61: 40mm U-Nail/ Staples | D61: kg | E61: 67
A63: B3.2.3 | C63: 25mm Flat head ceiling nails | D63: Sum | E63: 1
A65: B3.2.4 | C65: 14mm crosby clamps or similar approved galvanised clamps | D65: Sum | E65: 1
A67: B3.2.5 | C67: LV stay wire 3 x 3,35 1100MPa 100m coil | D67: No | E67: 67
A69: B3.2.6 | C69: 20mm galvanised stayrods | D69: No | E69: 442
A71: B3.2.7 | C71: 50kg x 3.15mm galvanised straining wire | D71: No | E71: 56
A73: B3.2.8 | C73: M16 x 200mm galv. eye bolt with galv. M16 nuts and galv. M16 x 50mm square washers | D73: No | E73: 596
A75: B3.2.9 | C75: M16 x 2 000mm Galvanized anchors made from round bar | D75: No | E75: 442
A77: B3.2.10 | C77: Fabricate cushion using waste shade net by folding 6 layers and nail on all poles ends which make contact with shade net. | D77: Sum | E77: 1
A79: B | C79: TOTAL CARRIED TO SUMMARY

Sheet Section C-PIPES
A1: BID NUMBER: ACDP XX/XX
A2: MATSIKA PACK HOUSE
A3: SECTION C : SERVICES
G4: SECTION C1
A5: ITEM | B5: PAY | E5: BILL
A6: No. | B6: REF. | C6: DESCRIPTION | D6: UNIT | E6: QUANT. | F6: RATE | G6: AMOUNT
B8: SABS | C8: SECTION C1 : PIPE TRENCHES
B9: 1200DB
A11: 1 | C11: Excavation for water lines
A13: 1.1 | B13: 8.3.2 | C13: a) Excavate in all materials for trenches,
C14: backfill, compact and dispose of surplus
C15: material for pipes for depth;
A17: 1.1.1 | C17: 0.0 m up to 1.0 m | D17: m³ | E17: 70
A19: 1.1.2 | C19: 1.0 m up to 2.0 m | D19: m³ | E19: 10
A21: 1.1.3 | C21: Extra over item 1.1 for;
C23: 1) Hard Rock excavation | D23: m³ | E23: 10
A25: 2 | B25: SABS
B26: 1200LB | C26: BEDDING (Pipes)
C27: Provision of bedding from trench excavation:
A28: 2.1 | B28: 8.2.1a) | C28: a) Selected granular material | D28: m³ | E28: 50
B30: 8.2.1b) | C30: b) Selected fill material | D30: m³ | E30: 40
A32: 3 | C32: Excavation for sewer lines
A34: 3.1 | B34: 8.3.2 | C34: a) Excavate in all materials for trenches,
C35: backfill, compact and dispose of surplus
C36: material for pipes for depth;
A38: 3.1.1 | C38: 0.0 m up to 1.5 m | D38: m³ | E38: 65
A40: 3.1.1 | C40: 1.5 m up to 2.5 m | D40: m³ | E40: 10
A42: 3.2 | C42: Extra over item 3.1 for;
C44: 1) Hard Rock excavation | D44: m³ | E44: 15
B46: SABS
A47: 4 | B47: 1200LB | C47: BEDDING (Pipes)
A48: 4.1 | C48: Provision of bedding from trench excavation:
B49: 8.2.1a) | C49: a) Selected granular material | D49: m³ | E49: 18
B51: 8.2.1b) | C51: b) Selected fill material | D51: m³ | E51: 12
A55: C1 | C55: TOTAL CARRIED TO SUMMARY
A57: BID NUMBER: ACDP 10/54
A58: STEVE MOHALE PACK HOUSE
A59: SECTION C : SERVICES
G60: SECTION C2
A61: ITEM | B61: PAY | E61: BILL
A62: No. | B62: REF. | C62: DESCRIPTION | D62: UNIT | E62: QUANT. | F62: RATE | G62: AMOUNT
A63: 1 | B63: SABS | C63: SECTION C2 : MEDIUM PRESSURE
B64: 1200L | C64: PIPELINES (WATER)
A65: 1.1 | B65: 8.2.1 | C65: Supply, lay, bed and disinfect the following
C66: pipes, complete with couplings:
A68: 1.1.1 | C68: uPVC pipes: To SANS 966 (Class 3)
C69: a)50mm Diameter, uPVC Class 3 | D69: m | E69: 150 | G69: Rate Only
A71: 1.1.2 | C71: LDPE Pipes - Class 4
C72: a) 40mm Diameter, HDPE Class 10 | D72: m | E72: 100
A74: 1.2 | B74: 8.2.2 | C74: Extra-over item 3.3.1 for the supply, laying and
C75: bedding of specials complete with couplings.
C76: Note: fittings to be suitable for coupling directly
C77: (mechanically) onto pipes. Each fitting socketed
C78: for mechanical jointing.
A81: 1.2.1 | C81: Bends 45° uPVC Class 6 (medium or long radius)
C82: a) 50mm dia | D82: No. | E82: 2
A84: 1.2.2 | C84: Bends 90° uPVC Class 6 (medium or long radius)
C85: a) 50mm dia | D85: No. | E85: 5
A87: 1.2.3 | C87: Equal and Reducing Tees: PVC
C88: a)50mm x 110mm dia | D88: No. | E88: 11
A91: 1.2.4 | C91: HDPE Compression fittings
C92: a) 40mm Tee | D92: No. | E92: 3
C93: b) 40mm x 90° Elbow | D93: No. | E93: 6
C94: c) 40mm Male adaptor | D94: No. | E94: 3
A96: 2 | C96: MISCELLANEOUS
A98: 2.1 | C98: PVC STORAGE TANK INSTALLATION
C99: Tank iwill be installed installation on elevated steel stand of 8m height, contractor shall design and engineer will have to approve it before installation.
A100: 2.1.1 | C100: Water Tank (Elevated Installation)
C102: Siting ,drilling, testing and equipping of Borehole
C103: 10,000l Polyethylene water tank (3040mmx
C104: 2200mm diameter) supplied, erect and anchored. | D104: Sum | E104: 1
A109: C2 | C109: TOTAL CARRIED FORWARD
A110: BID NUMBER: ACDP 10/54
A111: STEVE MOHALE PACK HOUSE
A112: SECTION C : SERVICES
G113: SECTION C3
A114: ITEM | B114: PAY | E114: BILL
A115: No. | B115: REF. | C115: DESCRIPTION | D115: UNIT | E115: QUANT. | F115: RATE | G115: AMOUNT
C116: TOTAL BROUGHT FORWARD | G116: =G109 -> 0
A117: 2.2 | C117: STEEL TANK STAND
A118: 2.2.1 | C118: Supply and erect a 5.5m high elevated tank stand in
C120: ( a ) Painted | D120: No. | E120: 1
A123: 2.4 | C123: PUMPS
C124: Supply, installation and test centrifugal pump
C125: including electrical connections, cabling
C126: and automatic float control switchgear.
C127: Pump Unit: Q=10m³/h @20m with overheat protection | D127: No | E127: 1
A129: 3 | B129: SABS | C129: SEWER PIPELINES
B130: 1200LD
A131: 3.1 | C131: Supply, lay join bed uPVC sewer pipes of the
C132: following diamaters in main lines, ramps
C133: and house connections:
C134: a) 110mm ø uPVC Class 34 (Reticulation) | D134: m | E134: 24
C135: b) 110mm ø uPVC Class 34 | D135: m | E135: 63
A137: 3.2 | C137: Supply and construct pre-cast concrete manholes, complete with cover and frame and step irons as detailed on the drawings with the following diameters and depths (depth measured from invert level to top of the manhole)
C138: a) 1000mm Inside ø
C139: i) Depth 0 - 1,5m | D139: No. | E139: 1
A141: 3.3 | C141: Supply and install cleaning eyes, complete as detailed on the drawings to the following depths (depth measured from invert level to top of the cleaning eye)
C143: a) Depth 0 - 1,0m | D143: No. | E143: 3
A145: 4 | C145: MISCELLANEOUS
...

Sheet Section D-CONCRETE WORKS
A1: BID NUMBER: ACDP XX/XX
A2: MATSIKA PACK HOUSE
A3: SECTION D : CONCRETEWORK | G3: SECTION D1
A4: ITEM | B4: PAY | E4: BILL
A5: No. | B5: REF. | C5: DESCRIPTION | D5: UNIT | E5: QUANT. | F5: RATE | G5: AMOUNT
B6: SABS | C6: SECTION D1 : CONCRETE WORK
B7: 1200G
C8: Necessary form work cost shall be included , for stub
C9: columns,pad footings and strip foootings
A10: 1 | C10: Column bases, plinths, retaining wall strip footings
C12: Reinforcing
A13: 1.1 | B13: 8.1.1 | C13: a) Pack House Column pinths and bases (Y12,Y20, Y8) | D13: kg | E13: =3000*1.01 -> 3030
C14: b) Lean to strip foundation (Y12) | D14: kg | E14: =700*1.01 -> 707
C15: c) Ref 888 mesh, for retaining wall | D15: m2 | E15: 110
C17: Concrete
A18: 1.2 | B18: 8.1.2 | C18: a) 30 MPa Concrete in the stub columns | D18: m³ | E18: 18
C19: b) 30 Mpa concrete in retaining wall | D19: m³ | E19: 10
C20: c) 30 Mpa concrete in column bases | D20: m³ | E20: 28
C21: d) 30 Mpa concrete in strip foundations | D21: m³ | E21: 60
C23: Grout
A24: 1.3 | B24: 8.1.3 | C24: Grouting under baseplates with Pro-struct | D24: l | E24: 280
C25: 531M-GP general purpose grout.
A51: D1 | C51: TOTAL CARRIED TO SUMMARY
A53: BID NUMBER: ACDP 10/54
A54: STEVE MOHALE PACK HOUSE
A55: SECTION D : CONCRETEWORK
G56: SECTION D2
A57: ITEM | E57: BILL
A58: No. | C58: DESCRIPTION | D58: UNIT | E58: QUANT. | F58: RATE | G58: AMOUNT
B59: SABS | C59: SECTION D2 : CONCRETE WORK
B60: 1200G | C60: SURFACE BEDS AND STORMWATER DRAIN
C62: Surface beds and stormwater drain
A63: 1 | C63: Formwork items
A64: 1.1 | B64: 8.2.3 | C64: Rough vertical formwork to the perimeter | D64: m | E64: 120
C65: of the surface bed, 150mm high.
A67: 1.2 | C67: Rough vertical formwork to the perimeter | D67: m | E67: 300
C68: of the apron slab, 120mm high.
A70: 2 | B70: 8.3.1 | C70: Reinforcement items
A71: 2.1 | C71: a) High tensile reinforcing - Y10's in surface bed | D71: kg | E71: 5050
C72: b) High tensile mesh ref No. 254 in surface bed | D72: kg | E72: 100
A74: 3 | B74: 8.4.3 | C74: Concrete items
A75: 3.1 | C75: a) Class 35/19 Concrete in surface beds | D75: m³ | E75: 150
C76: b) Class 35/19 Concrete in apron slab | D76: m³ | E76: 5
C77: c) Class 25/19 Concrete in apron slab | D77: m³ | E77: 20
A79: 4 | B79: 8.4.4 | C79: Surface finish
A80: 4.1 | C80: a) Power floated | D80: m² | E80: =37*17.8+37*6+9*3+9*6 -> 961.6
C81: b) BASF B22 Coating to surfacebed | D81: m² | E81: =E80 -> 961.6
A83: 5 | C83: Ancillary items - Joints in Surface bed
A84: 5.1 | C84: 10mm Thick jointex filler, 150mm high in | D84: m | E84: 370
C85: isolation joints
A87: 5.2 | C87: Saw-cut joints in surface bed, 3mm wide x 40mm deep | D87: m | E87: 200
A89: 5.3 | C89: Ream 6mm wide, 25mm deep. Fill bottom 25mm of 3mm wide saw cut with silica sand filler. Apply flex 310 joint sealer to reamed sectin (as late as possible). Refer to drawing for details. | D89: m | E89: 17.8
A94: 5.4 | C94: Construction joint complete with Norton Diamond (6mm x 115mm) dowels at 450mm centers and one concrete surface painted with bitumastic paint. | D94: m | E94: 17.8
A98: 5.5 | C98: R20mm Dowels, sawn to length - 350mm long spaced at 300centres. Drill 22mm diameter holes into exisiting slab, 175mm deep | D98: m | E98: 25
A102: 5.5 | C102: Grano slope in sealed channel (115 wide, approx 120mm deep) sloping 1:60 to outlets, Flash Harry waterproofing membrane, painted, total width 300mm | D102: m | E102: =37+3.8 -> 40.8
A106: D2 | C106: TOTAL CARRIED FORWARD
A108: BID NUMBER: ACDP 10/54
A109: STEVE MOHALE PACK HOUSE
A110: SECTION D : CONCRETEWORK
G111: SECTION D2
A112: ITEM | E112: BILL
A113: No. | C113: DESCRIPTION | D113: UNIT | E113: QUANT. | F113: RATE | G113: AMOUNT
C114: TOTAL BROUGHT FORWARD
A116: 6 | C116: Plinths
A118: 6.1 | C118: a) Cast new Plinth for Distribution board | E118: 1
C119: b) Cast new Plinth for cooling plant | E119: 1
C120: c) Scarify & compact 150mm | D120: m³ | E120: 2.25
C121: d) 300mm high edge shutter class 25/19 | D121: m | E121: 20
C122: e) concrete in plinths | D122: m³ | E122: 4
A124: 6.2 | C124: Cast in Items
C125: Saint Gobain full bore floor inlets - 110mm dia | D125: No. | E125: 2
A128: 7 | C128: Surface Bed Drains
A130: 7.1 | C130: Recta Grid (Steel) | D130: m2 | E130: 15
A131: 7.2 | C131: 250um PVC | D131: m2 | E131: 15
A132: 7.3 | C132: 40x40x4L | D132: m | E132: =40 -> 40
A160: D3 | C160: TOTAL CARRIED TO SUMMARY

Sheet Section E-STRUCTURAL STEEL
A1: ='Section A'!A1 -> BID NUMBER: ACDP 26/08
A2: ='Section A'!A2 -> THE APPOINTMENT OF A SERVICE PROVIDER FOR THE CONSTRUCTION OF 5,5HA SHADENET STRUCTURE AT GROUND STONE FARM IN CAPRICORN SOUTH OF THE CAPRICORN DISTRICT OF THE LIMPOPO PROVINCE
A3: SECTION E : STRUCTURAL STEELWORK
G4: SECTION E1
A5: ITEM | B5: PAY | E5: BILL
A6: No. | B6: REF. | C6: DESCRIPTION | D6: UNIT | E6: QUANT. | F6: RATE | G6: AMOUNT
B8: SABS | C8: SECTION E1 : STRUCTURAL STEELWORK
B9: 1200H
C11: Fabricate ,Supply and Deliver to Site
A13: 1 | B13: 8.3.1.1 | C13: Preparation of shop detail drawings. | D13: ton | E13: 20.7
A15: 2 | B15: 8.3.1.2 | C15: Supply and fabrication of steelwork;
C17: Grade 350WA structural steelwork including
C18: material, cuting and welding according to
C19: specifications in;
C21: The following hot rolled sections;
A23: 2.1 | C23: 45x45x5.0mm x 3.38 kg/m Angles in purlin | D23: ton | E23: 1.15
C24: sag bars and portal frame bottom flange
C25: braces.
A27: 2.2 | C27: RHS 100x100x4 cold room lateral support | D27: ton | E27: 0.75
C28: between columns
A30: 2.3 | C30: IPE-aa 160x12.3i section | D30: ton | E30: 0.5
C31: ridge ventilator frame
L32: =L81 -> 0
A33: 2.4 | C33: 254x146x31 x 31.3 kg/m I-section columns | D33: ton | E33: =6 -> 6
A35: 2.5 | C35: 305x102x33 x 32.8 kg/m I-section Rafters | D35: ton | E35: 5
A37: 2.6 | C37: Haunches cut from 305x102x33 x 32.8 kg/m I section | D37: ton | E37: 1
C38: I-section beams in the protal frame rafters.
A41: 2.7 | C41: 260x90 PFC channel for roller shutter door frame | D41: ton | E41: 0.6
A49: E1 | C49: TOTAL CARRIED FORWARD
A51: =A1 -> BID NUMBER: ACDP 26/08
A52: =A2 -> THE APPOINTMENT OF A SERVICE PROVIDER FOR THE CONSTRUCTION OF 5,5HA SHADENET STRUCTURE AT GROUND STONE FARM IN CAPRICORN SOUTH OF THE CAPRICORN DISTRICT OF THE LIMPOPO PROVINCE
A53: SECTION E : STRUCTURAL STEELWORK
G54: SECTION E1
A55: ITEM | B55: PAY | E55: BILL
A56: No. | B56: REF. | C56: DESCRIPTION | D56: UNIT | E56: QUANT. | F56: RATE | G56: AMOUNT
C57: TOTAL BROUGHT FORWARD | G57: =G49 -> 0
A58: 4 | B58: 8.3.1.2 | C58: Grade 350WA structural steelwork including
C59: material, cuting and welding according to
C60: specifications in;
C62: The following cold formed sections;
A64: 4.1 | C64: 76x3.0x 5.42 kg/m Circular hollow | D64: ton | E64: 0.42
C65: sections in roof and side bracing
A67: 4.2 | C67: RHS 100x100x4 colr room lateral support | D67: ton | E67: 0.75
C68: between columns
A70: 4.3 | C70: 125x75x20x2.5 x 5.82 kg/m Cold formed | D70: ton | E70: 0.9
C71: lipped channel purlins to tie sheeting to ridge vent.
A73: 4.4 | C73: 125x50x20x2.5 x 4.84 kg/m Cold formed | D73: ton | E73: 2.2
C74: lipped channel purlins.
A76: 4.5 | C76: 175x75x20x2.5 x 6.8 kg/m Cold formed | D76: ton | E76: 2.2
C77: lipped channel purlins.
A79: 4.6 | C79: 150x75x20x2.5 x 6.31 kg/m Cold formed | D79: ton | E79: 0.5
C80: lipped channel purlins.
A82: 4.7 | B82: 8.3.1.2 | C82: Grade 350WA structural steelwork connections
C83: including material, cuting and welding
C84: according to specifications specifications in;
C86: Column base plates:
C87: Packhouse:
A88: 4.7.1 | C88: 16.0mm Thick, Grade 350WA baseplate 450mm | D88: ton | E88: 0.5
C89: x 250mm including holes etc.
C91: Ramp
C92: Supply,install appropriatly sized roof trusses with all connections to the ramp and provide shop drawings.
A94: 4.7.1 | C94: 16.0mm Thick, Grade 350WA baseplate 450mm | D94: ton | E94: 0.3
C95: x 250mm including holes etc.
A105: E1 | C105: TOTAL CARRIED FORWARD
A107: =A51 -> BID NUMBER: ACDP 26/08
A108: =A52 -> THE APPOINTMENT OF A SERVICE PROVIDER FOR THE CONSTRUCTION OF 5,5HA SHADENET STRUCTURE AT GROUND STONE FARM IN CAPRICORN SOUTH OF THE CAPRICORN DISTRICT OF THE LIMPOPO PROVINCE
A109: SECTION E : STRUCTURAL STEELWORK
G110: SECTION E1
A111: ITEM | B111: PAY | E111: BILL
A112: No. | B112: REF. | C112: DESCRIPTION | D112: UNIT | E112: QUANT. | F112: RATE | G112: AMOUNT
C113: TOTAL BROUGHT FORWARD
A114: 5 | B114: 8.3.2 | C114: Delivery to site
A116: 5.1 | B116: 8.3.2.1 | C116: Normal delivery | D116: ton | E116: 20.7
A118: 6 | B118: 8.3.3 | C118: Erection on site | D118: ton | E118: 22.5
A120: 7 | B120: 8.3.4 | C120: Erection bolts
A122: 7.1 | C122: M16, Grade 8.8 bolts, 50mm long including | D122: ton | E122: 0.2
C123: two round flat washers per bolt (1520 off)
A125: 7.2 | C125: M20, Grade 8.8 bolts, 60mm long including | D125: ton | E125: 0.3
C126: two round flat washers per bolt (1160 off)
A128: 7.3 | C128: M20, Grade 8.8 bolts, 130mm long including | D128: ton | E128: 0.05
C129: two round flat washers per bolt (130 off)
A131: 8 | B131: 8.3.6 | C131: Holding-down (HD) Bolts
C133: Column plinths
A134: 8.1 | C134: M16, UPAT UPM44 chemical mortar stud | D134: No. | E134: 148
C135: anchor, 250mm long, drilled and set 150mm
C136: horizontally into the concrete plinths. Rate
C137: to include setting out
A139: 12 | B139: SABS | C139: CORROSION PROTECTION OF STRUCTURAL
B140: 1200HC | C140: STEELWORK
A142: 12.1 | B142: 8.2.1 | C142: Surface dressing and repairs at place of | D142: ton | E142: 22.5
C143: fabrication
A145: 12.2 | B145: 8.2.3 | C145: Surface preparation and coating application
A147: 12.2.1 | C147: a) in the shop | D147: ton | E147: 22.5
A148: 12.2.2 | C148: b) on Site | D148: ton | E148: 22.5
A161: E1 | C161: TOTAL CARRIED TO SUMMARY

Sheet Section F -CLADDING
A1: ='Section A'!A1 -> BID NUMBER: ACDP 26/08
A2: ='Section A'!A2 -> THE APPOINTMENT OF A SERVICE PROVIDER FOR THE CONSTRUCTION OF 5,5HA SHADENET STRUCTURE AT GROUND STONE FARM IN CAPRICORN SOUTH OF THE CAPRICORN DISTRICT OF THE LIMPOPO PROVINCE
A3: SECTION F : CLADDING AND GUTTERS
G4: SECTION F1
A5: ITEM | B5: PAY | E5: BILL
A6: No. | B6: REF. | C6: DESCRIPTION | D6: UNIT | E6: QUANT. | F6: RATE | G6: AMOUNT
B7: SABS | C7: SECTION F1 : CLADDING & GUTTERS
C8: Cladding should include all necessary fittings
C9: to fix, strips,appropriately sized gutters enabling
C10: water go to approproprite drainage
B11: 1200 HB
A13: 1 | B13: 8.2.2 | C13: BR C1S AZ SS 150 925 FH 0.55mm | D13: m² | E13: 800
C14: including lap seal strips & fixings. (Packhouse)
A17: 1 | B17: 8.2.2 | C17: BR C1S AZ SS 150 925 FH 0.55mm | D17: m² | E17: 222
C18: sheeting including Flashings,lap seal strips & fixings.(Offices, generator room, toilets )
A21: 2 | B21: 8.2.3 | C21: FLASHING
A22: 2.1 | C22: CLADDING - FLASHINGS C1S AZ SS 386 - 462 | D22: No | E22: 14
A24: 2.2 | C24: BARGE - FLASHINGS C1S AZ SS 282 - 308 | D24: No | E24: 23
A26: 2.3 | C26: HEADWALL - FLASHINGS C1S AZ SS 386 - 462 | D26: No | E26: 4
A28: 2.4 | C28: EXT CORNER - FLASHINGS C1S AZ SS 000 - 154 | D28: No | E28: 40
A30: 2.3 | C30: IBR CLOSURES C1S AZ SS Drip Flashing | D30: No. | E30: 8
A32: 3 | C32: FIXTITES
A33: 3.1 | C33: 12 X 65 FIXTITE TF HEX HEAD C4 | D33: No | E33: 5670
A35: 3.2 | C35: 14 X 22 FIXTITE MF HEX HEAD STITCH C3 | D35: No | E35: 1500
A37: 3.3 | C37: 12 X 25 FIXTITE MF HEX HEAD C4 | D37: No | E37: 2800
A39: 4 | C39: GUTTERS
A40: 4.1 | C40: 200 x 220 High Back Box Gutterr to supplier's | D40: m | E40: 115
C41: specifications, supply with downpipes as per advise of supplier
A44: 5 | C44: Natural Lighting (packhouse)
C45: Supply,deliver and install 0.8mm thick SUNTUFF 6500,IBR, UV protection on 2 sides
A46: 5.1 | C46: 8.5m long SUNTUFF IBR 6500,Rooflights | D46: no | E46: 18
A49: 6 | C49: Ceileng for Packhouse
C50: Supply, deliver and Install
A52: 6.1 | C52: Thermal Insulation- Sisalation FR430, Heavy Industrial | D52: m2 | E52: 927
A57: 7 | C57: Ridge Ventilators
C58: Supply,deliver and Install with all necessary fittings
A60: 7.1 | C60: Flashworx/Equivalent Continous Ridge Ventilator | D60: m | E60: 37
A71: F1 | C71: TOTAL CARRIED FORWARD
A72: ='Section A'!A1 -> BID NUMBER: ACDP 26/08
A73: ='Section A'!A2 -> THE APPOINTMENT OF A SERVICE PROVIDER FOR THE CONSTRUCTION OF 5,5HA SHADENET STRUCTURE AT GROUND STONE FARM IN CAPRICORN SOUTH OF THE CAPRICORN DISTRICT OF THE LIMPOPO PROVINCE
A74: SECTION F : CLADDING AND GUTTERS
G75: SECTION F1
A76: ITEM | B76: PAY | E76: BILL
A77: No. | B77: REF. | C77: DESCRIPTION | D77: UNIT | E77: QUANT. | F77: RATE | G77: AMOUNT
C78: TOTAL BROUGHT FORWARD
C80: OFFICES & TOILETS
C82: Design, Supply and construct lean to structures (toilet,Generator house and Offices as per drawing specifications)
A83: 3.1
C85: Mitec design & supply mono pitch timber
C86: trusses including 76x50mm sa pine purlins at
C87: 1m centres & bracing. Rate to include design,supply and erection for:
C88: a) Ablution = 4.5m plus 0.5m overhang)
C89: b) Offices (span = 3.1m plus 0.5m overhang)
C90: c) Generator (Span) = 4.0m plus 0.5m
C91: 228x38mm grade SABS 5 SA pine rafter for
C92: office and Ablution ceiling. (4m Long)
C93: Ceilings
C94: 6.8mm gypsum ceiling with Bishop strip joints. fixed to 38 x 38 SA pine brandering at max 400mm centres\
C97: a) Offices
C98: b) Toilets
... C100: Rafters
C101: SA Pine Rafters / Trusses (114mm x 38mm) | D101: Sum
A141: F1 | C141: TOTAL CARRIED TO SUMMARY

Sheet Sheet1

Sheet Sheet2

Sheet Section G -ELECTRICAL
A1: BID NUMBER: ACDP 10/54
A2: MATSIKA PACKHOUSE
A3: SECTION G : ELECTRICAL INSTALLATION
G4: SECTION G
A5: ITEM | B5: PAY | E5: BILL
A6: No. | B6: REF. | C6: DESCRIPTION | D6: UNIT | E6: QUANT. | F6: RATE | G6: AMOUNT
B7: PSE 2 | C7: SECTION G : ELECTRICAL INSTALLATION
C9: Design Electrical Layout, Provide shop drawings for approval by the Engineer
C10: supply,deliver and Install all Electricals as per approved design
A13: 1.1 | C13: Testing and Commissioning | D13: sum | E13: 1
A14: 1.2 | C14: Certificate of Compliance | D14: sum | E14: 1
A16: 2.1 | C16: Supply and Install the following SWA PVC SWA
C17: LV Cables, Cable Terminations and BCEW
C18: complete with glands, lugs and labels as
C19: specified:
C20: a) 16mm² 4c LV Cable | D20: m | E20: 70
C21: b) 35mm² 4c LV Cable | D21: m | E21: 360
C22: c) 10mm² BCEW | D22: m | E22: 70
C23: d) 25mm² BCEW | D23: m | E23: 360
C24: e) 16mm² 4c LV Cable terminations | D24: nr | E24: 2
C25: f) 35mm² 4c LV Cable terminations | D25: nr | E25: 2
C26: g) Warning tape with LV Cables | D26: m | E26: 170
C27: h) Traffolite labels on all cable ends | D27: nr | E27: 4
A29: 2.2 | C29: Excavations for LV distribution cables, backfilling
C30: and machine compaction inclusive of 150mm
C31: bedding layer below and above cables in soil as
C32: specified (700mm deep):
C33: Total Qty =
C34: a) Hand pickable soil (soft soil) ( 70% ) | D34: m³ | E34: 38
C35: b) Machine excavation (soft rock) ( 25% ) | D35: m³ | E35: 14
C36: c) Hard rock (blasting) ( 5% ) | D36: m³ | E36: 3
C37: d) Back-filling and Compaction | D37: m³ | E37: 36
C38: e) Sifting of local soil for bedding of the cables and/or import soil subject to soil condition | D38: m³ | E38: 20
A40: 2.3 | C40: Supply and install 110mm dia PVC cable
C41: access sleeves as specified:
C42: a) 110mm dia PVC sleeve | D42: m | E42: 74
C43: b) 110mm dia PVC slow bends | D43: nr | E43: 3
A45: 3.1 | C45: Supply, install surface
C46: mounted Distribution Boards fully equipped c/w
C47: all switchboard equipment as specified:
C48: a) Workshop DB-W | D48: nr | E48: 1
C49: b) 150A 3P MCCB in existing DB for supply to DB-W | D49: nr | E49: 1
A51: G1 | C51: TOTAL CARRIED FORWARD
A53: BID NUMBER: ACDP 10/54
A55: SECTION G : ELECTRICAL INSTALLATION
G56: SECTION G
A57: ITEM | B57: PAY | E57: BILL
A58: No. | B58: REF. | C58: DESCRIPTION | D58: UNIT | E58: QUANT. | F58: RATE | G58: AMOUNT
C59: TOTAL BROUGHT FORWARD
A61: 3.2 | C61: Supply and install Luminaires c/w lamps, control
C62: gear and mounting brackets as specified:
C63: a) Type F (250W MH Flood) | D63: nr | E63: 2
C64: b) Type H (400W MH Hi-Bay) | D64: nr | E64: 24
C65: c) Photo-cell | D65: nr | E65: 1
A67: 3.3 | C67: Supply and install Light outlet points c/w Unistrut
C68: wiring channel, light switches, draw boxes,
C69: conduit and wiring as specified:
C70: a) Workshop Lights outlet points complete | D70: nr | E70: 24
C71: b) Flood Lights outlet points complete | D71: nr | E71: 2
A73: 3.4 | C73: Supply and install Switched Socket outlets and
C74: outlet points c/w draw boxes, conduit and wiring
C75: as specified:
C76: a) 16A 3-pin Socket outlet, single | D76: nr | E76: 6
C77: b) 16A 3-pin Socket outlet, double | D77: nr | E77: 6
A79: 3.5 | C79: Supply and install Three phase Switched Socket
C80: outlets and outlet points c/w draw boxes, conduit
C81: and wiring as specified:
B82: a | C82: a) 3 Phase 5-pin Socket outlet point complete | D82: nr | E82: 4
A84: 4 | C84: Provisional amount for lightning protection | D84: PC | E84: 1
A86: 5 | C86: Electrical contingency amount | D86: PC | E86: 1
A88: 6 | C88: Supply, install and commission 100kVA 3 phase
C89: 11000/400V delta star transformer
C90: with 1 x 150A 3 phase circuit breaker in an | D90: Sum | E90: 1
C91: ESKOM supply box.
A93: 6.1 | C93: Supply and install:
C94: Double pole structure for pole mounted | D94: Sum | E94: 1
C95: transformer with transformer mounting bracket,
C96: surge arrestors mounting bracket, surge
C97: arrestors, a set of drop out fuses and earth
C98: cables connections and spikes.
A106: G1 | C106: TOTAL CARRIED TO SUMMARY

Sheet Section H-BUILDING WORKS
A1: BID NUMBER: ACDP XX/XX
A2: MATSIKA PACK HOUSE
A3: SECTION H : BUILDING WORK
G4: SECTION H1
A5: ITEM | B5: PAY | E5: BILL
A6: No. | B6: REF. | C6: DESCRIPTION | D6: UNIT | E6: QUANT. | F6: RATE | G6: AMOUNT
A8: 1 | B8: PD02 | C8: BRICKWORK
C10: Hidden Brickwork, below natural ground level or on the inside face of the wall below the surface bed to be 14MPa Burnt Clay Bricks. Visible brickwork, above the ground or above the surface bed to be facebrick.
C15: All brickwork to be used in conjunction with Class ii mortar bedding with reamed joints. All rates to include brickforce in every fifth brick course.
A20: 1.1 | C20: Offices
C21: a) 115mm Clay Brick wall | D21: m² | E21: 63
C22: b)115mm Face Brick wall | D22: m² | E22: 63
A24: 1.2 | C24: Ablution Facility
C25: a) 115mm Clay Brick wall | D25: m² | E25: 63
C26: b) 115mm Face Brick Wall | D26: m² | E26: 63
A29: 1.3 | C29: Generators
C30: a) 115mm Clay Brick wall | D30: m² | E30: 30
C31: b) 115mm Clay Brick wall | D31: m² | E31: 30
A35: 1.4 | C35: Packhouse
C36: a) 115mm Clay Brick wall | D36: m² | E36: 780 | H36: =(45*3)+(1.5*37*3*2)+(37*2*2)+(15*2*2) -> 676
C37: c) 115mm Face Brick Wall | D37: m² | E37: 230
A51: H1 | C51: TOTAL CARRIED TO SUMMARY
A52: BID NUMBER: ACDP XX/XX
A53: MATSIKA PACK HOUSE
A54: SECTION H : BUILDING WORK
G55: SECTION H2
A56: ITEM | B56: PAY | E56: BILL
A57: No. | B57: REF. | C57: DESCRIPTION | D57: UNIT | E57: QUANT. | F57: RATE | G57: AMOUNT
A59: 2 | B59: PD 03 | C59: Doors and windows
A61: 2.1.1 | C61: Standard Pressed Metal Door and Frame including ironmongery and painting. For details refer to door schedule D1
C64: a) RDF2 (2032mm x 813mm) For one brick wall | D64: No. | E64: 5
C65: b) RDF2 (2032mm x 813mm) For one brick wall | D65: No. | E65: 12
A67: 2.1.2 | C67: Top and Side hung Residential Window (opening outwards): complete with pressed steel frame, 4mm thick pane glass and painting of the window frame. For details refer to window schedule W-1.
C71: a) Type NE1 | D71: No. | E71: 10
C72: b) Type NC11 | D72: No. | E72: 3
C73: c) Type NE4 | D73: No. | E73: 1
A75: 2.1.3 | C75: Supply and install a 4000 x 3600mm | D75: PC | E75: 1
C76: manual roller shutter door including
C77: profit and attendance.
A101: H2 | C101: TOTAL CARRIED TO SUMMARY
A102: BID NUMBER: ACDP XX/XX
A103: MATSIKA PACK HOUSE
A104: SECTION H : BUILDING WORK
G105: SECTION H3
A106: ITEM | B106: PAY | E106: BILL
A107: No. | B107: REF. | C107: DESCRIPTION | D107: UNIT | E107: QUANT. | F107: RATE | G107: AMOUNT
A108: 3 | B108: PD 04 | C108: PLUMBING AND SANITATION
C110: Plumbing
A111: 3.1 | C111: Connection to Borehole (existing water supply) | D111: Sum | E111: 1
C113: SANITARY FITTINGS
A114: 3.2 | C114: "Vaal"
A115: a | C115: 525 x 420mm "Sola" white vitreous china wash hand basin with two tap holes on wall bracket plugged to wall, "Cobra Aquila 404" basin set comprising one pair of pillar taps and one waste, plug and chain, two "Cobra 1060" fullway ballcocks and 32 x 40mm chromium plated bottle trap complete | D115: No | E115: 4
A122: b | C122: Hibiscus close coupled WC suite "code 7 | D122: No | E122: 5
C123: 72602" comprising wash down closet pan
C124: with straight outlet P-trap, 9 litre cistern
C125: complete "code 710531" with flush pipe and
C126: double flap painted timber seat, one 15mm
C127: "Cobra 1060-15" fullway ball cock and
C128: 110mm PVC pan connector complete
A130: c | C130: Lavatera 705426 white glazed vitreous | D130: No | E130: 1
C131: china bowl urinal for wall mounting
C132: complete with top inlet, "Vaal 8787Z0"
C133: domical grating, "Cobra junior flushmaster
C134: FJ6.000", chromium plated top entry with
C135: integral vacuum breaker, chromium plated
C136: exposed type with integral ballostop valve
C137: and wall plate, chromium plated connector
C138: pipe to and including chromium plated
C139: spreader "(code 7054Z1)", etc. and fitted on
C140: "Vaal 8127ZO" hanger brackets and 38mm
C141: chromium plated bottle trap complete
C143: "Franke" type 304(18/10) stainless steel
A145: d | C145: Model CVN622 drop on sink and drainer 1 | D145: No | E145: 1 | G145: Rate Only
C146: 500 x 435 mm wide with double centre
C147: bowls complete with 90mm diameter basket
C148: strainer waste fitting with overflow and
C149: pop-up, 50mm Flexi-trap for double bowl,
C150: two 20mm chromium plated bib-taps and
C151: "Spazio 2" plumbing kit complete, the sink
C152: fitted on to kitchen cupboard (cupboard
C153: measured elsewhere)
A155: e | C155: 32mm Taps | D155: No | E155: 14
A156: H3 | C156: TOTAL CARRIED TO SUMMARY
A157: BID NUMBER: ACDP XX/XX
A158: MATSIKA PACK HOUSE
A159: SECTION H : BUILDING WORK
G160: SECTION H4
A161: ITEM | B161: PAY | E161: BILL
A162: No. | B162: REF. | C162: DESCRIPTION | D162: UNIT | E162: QUANT. | F162: RATE | G162: AMOUNT
A163: 4 | B163: PD 05 | C163: Ancillary items
A165: 4 | C165: Fire requirements
A167: 4.1 | C167: 9kg Fire extinguisher complete with timber | D167: No. | E167: 2
C168: back mounting board and wall signage
A170: 5 | C170: Retaining wall extras
A172: 5.1 | C172: 110mm DIAMETER NEXTUBE DRAINEX PIPE IN A 400x400mm, 19mm CRUSHED STONE FILTER WRAPPED IN A KAYTEK U14 GEOTEXTILE FABRIC. | D172: m | E172: 70
A208: H4 | C208: TOTAL CARRIED TO SUMMARY

Sheet Section I-PACKHOUSE EQUIPMENT 
A1: ='Section A'!A1 -> BID NUMBER: ACDP 26/08
A2: ='Section A'!A2 -> THE APPOINTMENT OF A SERVICE PROVIDER FOR THE CONSTRUCTION OF 5,5HA SHADENET STRUCTURE AT GROUND STONE FARM IN CAPRICORN SOUTH OF THE CAPRICORN DISTRICT OF THE LIMPOPO PROVINCE
A3: SECTION I : PACKHOUSE EQUIPMENT
G4: SECTION I
A5: ITEM | B5: PAY | E5: BILL
A6: No. | B6: REF. | C6: DESCRIPTION | D6: UNIT | E6: QUANT. | F6: RATE | G6: AMOUNT
B8: PSE 1-2 | C8: SECTION I : PACKHOUSE EQUIPMENT
C10: Provide the sum of R for the complete coldroom design, installation including all mechanical equipment, commission, etc by a specialist Contractor
A12: 1 | C12: Coldroom:
C13: Design, supply, Install and test the following cold room facility. (installation in new storage facility on concrete floor & under roof. (4.4m x 9.5m x 3m high)Cooling rate - 1deg Celcius per h for 25t of Banana
A15: 1.1 | C15: Coldroom with ISOWALL 3m high wall panels and ceiling, complete with sliding door | D15: SUM | E15: 1
A20: 2 | B20: PSE 1-2 | C20: Pack line equipment with a capacity of 25 ton per day (3 ton/h):
C21: Design Packline, and provide shop drawings by specialist to be approved by Engineer. Supply, Install, test and commission the following equipment components. Commission machine as operating unit - on-site.
C22: All fasteners should be according to: SABS 1700: Fasteners
C23: All conveyor related equipment should be according to SANS 962: Conveyor belts standards.
C24: Steel work: Steel structures will be mild steel and will be painted with at least a primer and 2 topcoats, according to standard practice for pack lines.
A25: 2.1 | C25: 2x conveyor/elevator 1000mm wide x 11,0m long including the following: | D25: SUM | E25: 1
C26: - 12m long x 0.4m wide waste conveyor belt including drive unit with mechanical variable speed
C27: - Water Bath
C28: - 10 Stainless steel packing tables
C29: - Control Box
A32: I1 | C32: TOTAL CARRIED FORWARD
A34: BID NUMBER: ACDP XX/XX
A35: STEVE MOHALE PACK HOUSE
A36: SECTION I : PACKHOUSE EQUIPMENT
G37: SECTION I
A38: ITEM | B38: PAY | E38: BILL
A39: No. | B39: REF. | C39: DESCRIPTION | D39: UNIT | E39: QUANT. | F39: RATE | G39: AMOUNT
C40: TOTAL BROUGHT FORWARD
A43: 3 | C43: Allow for 10 training days for full operation of packline. First 5 days after commissioning and other 5 days during the Defects Liability period as requested by the Client. | D43: Sum | E43: 1
A49: I1 | C49: TOTAL CARRIED TO SUMMARY

Sheet Section J
A1: ='Section A'!A1 -> BID NUMBER: ACDP 26/08
A2: ='Section A'!A2 -> THE APPOINTMENT OF A SERVICE PROVIDER FOR THE CONSTRUCTION OF 5,5HA SHADENET STRUCTURE AT GROUND STONE FARM IN CAPRICORN SOUTH OF THE CAPRICORN DISTRICT OF THE LIMPOPO PROVINCE
A3: SECTION J : GATES AND PAVING
G4: SECTION J
A5: ITEM | B5: PAY | E5: BILL
A6: No. | B6: REF. | C6: DESCRIPTION | D6: UNIT | E6: QUANT. | F6: RATE | G6: AMOUNT
B8: PSVB 8 | C8: GATES
A9: 1 | C9: Supply, deliver and Install new sliding Gates for available fence fence 2.1m high
C10: Gates shall be hot dip galvanised, remote controlled and pelisade with devil's fork security on top and bottom
A12: 1.1 | C12: Supply, deliver and Installation of 4 Pelisade sliding, remote controlled gates with all accessories. | D12: Prov. Sum | E12: 1 | F12: R50000
C14: Mark Up on Above Item (1.1) | D14: %
A17: 1.2 | C17: Extra over Item 1.1 above for
C18: corner posts with stays including
C19: excavation and backfilling etc. | D19: No | E19: 8
A21: 1.3 | C21: Extra over Item 1.1 above for
C22: intermediate posts with stays including
C23: excavation and backfilling etc. | D23: No | E23: 10
A25: 1.4 | C25: Gate 5m wide complete with gate post
C26: arrangement including excavation and
C27: backfilling | D27: No | E27: 2
A29: 1.5 | C29: Extra-over for items 1.1 for:
C30: a) Hard rock excavation | D30: m³ | E30: 15
A32: 2 | C32: PAVING
C33: Area of pave to be Indicated by the Engineer
A35: 2.1 | C35: Excavation | D35: m3
A37: 2.2 | C37: C4 Stabilizing agent | D37: m3
A39: 2.3
A56: J1 | C56: TOTAL CARRIED TO SUMMARY
G58: SECTION J
A59: ITEM | B59: PAY | E59: BILL
A60: No. | B60: REF. | C60: DESCRIPTION | D60: UNIT | E60: QUANT. | F60: RATE | G60: AMOUNT
B61: PSVB 8 | C61: PAVING (SEE DRAWING CIV-401)
A62: 1 | C62: Bulk excavation:
C64: Excavate in all materials and dispose | D64: m3
A66: 1.1 | C66: Extra over items ABOVE FOR:
C68: Intermediate excavation | D68: m3
C70: Roadbed preparation and compaction of material to:
A71: 1.2
C73: Minimum of 93% of modified AASHTO
C74: maximum density (under roads) | D74: m2
A75: 1.3
C76: SELECTED LAYER
C77: Imported layer compacted to 93% of modified AASHTO maximum density (G7 Imported material: Commercial Source) | D77: m3
C79: SUBBASE
A80: 1.5 | C80: Imported layer compacted to 93% of modified AASHTO maximum density (G6 Imported material: Commercial Source) (Including fill on lower side of packhouse) | D80: m3
C82: BASE
A83: 2.1 | C83: Imported layer compacted to 98% of modified AASHTO maximum density (G5 Imported material: Commercial Source) | D83: m3
A85: 2.3 | C85: Process subbase material by one of the following processes, as relevant, and use in the subbase:
C86: Stabilization | D86: m3
C88: Stabilizing agent:
C90: Portland cement | D90: t
C92: Treatment of subbase with:
C94: Weed killer (under paving blocks) | D94: m2
C96: Insecticide (under paving blocks) | D96: m2
A99: J1 | C99: TOTAL CARRIED TO SUMMARY

Sheet Summary 
A1: ='Section B-Shadenet'!A1 -> BID NUMBER: ACDP 26/08
A2: ='Section B-Shadenet'!A2 -> THE APPOINTMENT OF A SERVICE PROVIDER FOR THE CONSTRUCTION OF 5,5HA SHADENET STRUCTURE AT GROUND STONE FARM IN CAPRICORN SOUTH OF THE CAPRICORN DISTRICT OF THE LIMPOPO PROVINCE
A3: TENDER BILL OF QUANTITIES
A5: BILL OF QUANTITIES -5,5 SHADENET AT GROUNDSTONE GROUP FARM
A7: SUMMARY OF SECTIONS
C8: BILL
A9: DESCRIPTION | C9: AMOUNT
A10: TOTAL SECTION A : PRELIMINARY AND GENERAL
A11: TOTAL SECTION B : CONSTRUCTION OF SHADENET
A12: SUBTOTAL 1
A13: 15% CONTINGENCIES =
A14: SUBTOTAL 2
A15: VAT @ 15% =
A16: TOTAL =
